 Dungeon Crawl Stone Soup version 0.28-a0-1334-g1c9ffb4daf (webtiles) character file.

Game seed: 17119563972468101498

76 HessuHobo the Skirmisher (level 4, -1/40 HPs)
             Began as a Ghoul Monk on Dec 28, 2021.
             Slain by a worm (5 damage)
             ... on level 3 of the Dungeon.
             The game lasted 00:02:43 (3369 turns).

HessuHobo the Skirmisher (Ghoul Monk)               Turns: 3369, Time: 00:02:43

Health: -1/40      AC:  9    Str: 20      XL:     4   Next: 32%
Magic:  3/3        EV: 11    Int:  4 (5)  God:
Gold:   147        SH:  0    Dex: 12 (13) Spells: 3/3 levels left

rFire   . . .      SeeInvis .     - Unarmed
rCold   + . .      Faith    .   (no shield)
rNeg    + + +      Spirit   .   f - +0 ring mail
rPois   ∞          Reflect  .   (no helmet)
rElec   .          Harm     .   k - +0 cloak
rCorr   .          Rampage  .   j - +0 pair of gloves
Will    .....                   c - +1 pair of boots
Stlth   ++........              (no amulet)
HPRegen 0.00/turn               i - +6 ring of strength
MPRegen 0.08/turn               (no ring)

@: inhibited regen
A: claws 1, cold resistance 1, negative energy resistance 3, inhibited
regeneration, torment resistance 2
a: no special abilities


You were on level 3 of the Dungeon.
You visited 1 branch of the dungeon, and saw 3 of its levels.

You collected 147 gold pieces.

Inventory:

Armour
 a - a +0 robe
 c - a +1 pair of boots (worn)
 f - a +0 ring mail (worn)
 j - a +0 pair of gloves (worn)
 k - a +0 cloak (worn)
Jewellery
 i - a +6 ring of strength (left hand)
Scrolls
 b - 2 scrolls of enchant weapon {unknown}
 d - 3 scrolls of identify {unknown}
 e - a scroll of teleportation {unknown}
 h - a scroll of fear {unknown}
 l - a scroll of fog {unknown}
Potions
 g - 2 potions of mutation


   Skills:
 + Level 4.0 Fighting
 + Level 3.2 Dodging
 + Level 3.2 Stealth
 + Level 3.9 Unarmed Combat


You had 3 spell levels left.
You didn't know any spells.
Your spell library was empty.

Dungeon Overview and Level Annotations

Branches:
Dungeon (3/15)

Altars:
Cheibriados

Shops:
D:1 [


Innate Abilities, Weirdness & Mutations

You thrive by killing the living.
You are immune to poison.
You have sharp fingernails.
Your flesh is cold resistant. (rC+)
You are immune to negative energy. (rN+++)
You do not regenerate when monsters are visible.
You are immune to unholy pain and torment.


Message History

You hit the scorpion.
The scorpion is severely wounded.
The scorpion closely misses you.
You hit the scorpion but do no damage.
The scorpion is severely wounded.
The scorpion stings you but does no damage.
The worm barely misses you.
You closely miss the scorpion.
The scorpion is severely wounded.
The scorpion stings you.
* * * LOW HITPOINT WARNING * * *
You hit the scorpion but do no damage.
The scorpion is severely wounded.
The scorpion stings you!
* * * LOW HITPOINT WARNING * * *
The worm barely misses you.
You hit the scorpion but do no damage.
The scorpion is severely wounded.
The scorpion closely misses you. The worm closely misses you.
You closely miss the scorpion.
The scorpion is severely wounded.
The scorpion closely misses you.
Okay, then.
It was a potion of mutation.
You feel extremely strange.
Your body decomposes!
You feel dopey.
Your body decomposes!
You feel clumsy. The scorpion stings you.
* * * LOW HITPOINT WARNING * * *
The worm bites you but does no damage.
The scorpion stings you but does no damage.
Okay, then.
You barely miss the scorpion.
The scorpion is severely wounded.
The scorpion closely misses you.
You hit the scorpion.
The scorpion is almost dead.
The scorpion barely misses you. The worm bites you.
You die...

... ... #.# ######.#
#†...#.# #..#.#.## ##
#########.#....######.
#.##...w...'.#...........
♣.....s@..'.##...###....
#.##.....).'.###.## #....
#########.....####....
..#####....... .##
#.##.... # # #.... #....
#...<. ..####


You could see a worm and a scorpion.

Vanquished Creatures
  An adder (D:2)
  3 worms (D:2)
  2 dart slugs
  6 bats
  2 endoplasms
  3 giant cockroaches
  6 goblins
  5 hobgoblins
  3 quokkas (D:1)
  9 ball pythons
  5 frilled lizards (D:1)
  3 kobolds
  8 rats
56 creatures vanquished.

Notes
Turn   | Place    | Note
-------+----------+-------------------------------------------
     0 | D:1      | HessuHobo the Ghoul Monk began the quest for the Orb.
     0 | D:1      | Reached XP level 1. HP: 19/19 MP: 0/0
    82 | D:1      | Reached XP level 2. HP: 20/26 MP: 1/1
   622 | D:1      | Found a snail-covered altar of Cheibriados.
   988 | D:1      | Reached XP level 3. HP: 31/31 MP: 2/2
  1221 | D:1      | Found a faded altar of an unknown god.
  1281 | D:1      | Found Reanehyo's Armour Shop.
  1607 | D:2      | Found a snail-covered altar of Cheibriados.
  2455 | D:2      | Reached XP level 4. HP: 36/40 MP: 3/3
  3342 | D:3      | Reached skill level 4 in Fighting
  3349 | D:3      | Noticed a scorpion
  3369 | D:3      | Slain by a worm

Illustrated notes

Levels and vault maps discovered:
D:1:      ebering_trefoil_3fold, layout_basic,
          hellmonk_ecumenical_altar_arch_garden, serial_shops, shop,
          kennysheep_flooded_box, grunt_decor_arrowhead
D:2:      layout_basic, basic_altar, st_stairs_5, eino_tiny_chamber
D:3:      layout_loops_ring, kennysheep_cross_bottleneck

Skill      XL: |  1  2  3  4 |
---------------+-------------+-----
Dodging        | 3 |  3.2
Stealth        | 3 |  3.2
Fighting       | 4 |  4.0
Unarmed Combat | |  3.9

Action                   |  1- 3 |  4- 6 || total
-------------------------+-------+-------++-------
Melee: Unarmed           |   169 |    50 ||   219
       Punch             |     1 |       ||     1
  Use: Potion            |       |     1 ||     1
 Stab: Sleeping          |     5 |     3 ||     8
Armor: Robe              |    42 |       ||    42
       Ring mail         |    24 |    19 ||    43
Dodge: Dodged            |   100 |    40 ||   140

Table legend: (Time is in decaauts)
 A = Elapsed time spent in this place.
 B = Non-inter-level travel time spent in this place.
 C = Inter-level travel time spent in this place.
 D = Time resting spent in this place.
 E = Time spent auto-exploring this place.
 F = Levels seen in this place.
 G = Mean time per level.
                   A        B        C        D        E       F      G
               +--------+--------+--------+--------+--------+-----+--------+
         Total |   3355 |   3192 |    163 |   1082 |   1606 |   3 | 1118.3 |
       Dungeon |   3355 |   3192 |    163 |   1082 |   1606 |   3 | 1118.3 |
               +--------+--------+--------+--------+--------+-----+--------+

Top non-repeatable levels by time:
     D:2: 1753 daAuts
     D:1: 1429 daAuts
     D:3: 171 daAuts
